 Dungeon Crawl Stone Soup version 0.22-a0-254-gaf95ca0 (webtiles) character file.

22118 Amnesiac the Bewitcher (level 12, -1/45 HPs)
             Began as a Felid Wizard on Mar 4, 2018.
             Was a High Priest of Sif Muna.
             Slain by a deep elf knight
             ... wielding a +0 scimitar
              (17 damage)
             ... on level 1 of the Elven Halls.
             The game lasted 01:31:53 (31041 turns).

Amnesiac the Bewitcher (Felid Wizard)              Turns: 31041, Time: 01:31:53

Health: -1/45      AC:  3    Str:  3    XL:     12   Next: 60%
Magic:  0/28       EV: 24    Int: 25    God:    Sif Muna [*****.]
Gold:   1287       SH:  0    Dex: 14    Spells: 0/40 levels left
                                        Lives:  0   Deaths: 3

rFire    . . .     SeeInvis +     - Unarmed
rCold    + . .     Gourm    .   (shield unavailable)
rNeg     + . .     Faith    .   (armour unavailable)
rPois    +         Spirit   +   (helmet unavailable)
rElec    .         Reflect  .   (cloak unavailable)
rCorr    .         Harm     .   (gloves unavailable)
MR       +....     Clarity  +   (boots unavailable)
Stlth    ++++......             e - amulet of guardian spirit
HPRegen  0.15/turn              r - ring of positive energy
MPRegen  0.21/turn              u - ring of wizardry

@: no casting, deflect missiles, quick
A: very small, no armour, no weapons or thrown items, stealth, claws 1, fangs 3,
see invisible, carnivore, clarity, speed 1, low mp 1, poison resistance, shaggy
fur 3, slow metabolism 1, sharp paws
a: Stop Divine Energy, Channel Magic, Forget Spell, Renounce Religion


You were on level 1 of the Elven Halls.
You worshipped Sif Muna.
Sif Muna was extremely pleased with you.
You were not hungry.

You visited 4 branches of the dungeon, and saw 18 of its levels.
You also visited: Sewer, Ossuary and Bailey.

You collected 1410 gold pieces.
You spent 123 gold pieces at shops.

Inventory:

Jewellery
 e - an amulet of guardian spirit (around neck)
 r - a ring of positive energy (left paw)
 u - a ring of wizardry (right paw)
 x - an uncursed ring of ice
Wands
 l - a wand of iceblast (9)
 q - a wand of acid (6)
 B - a wand of clouds (7)
Scrolls
 a - a scroll of holy word {!r}
 c - 3 scrolls of vulnerability {!r}
 d - 4 scrolls of remove curse {!r}
 f - 4 scrolls of fog {!r}
 g - 2 scrolls of teleportation {!r}
 j - a scroll of magic mapping {!r}
 k - a scroll of silence {!r}
 y - a scroll of blinking {!r}
 A - a scroll of amnesia {!r}
 C - a scroll of immolation {!r}
Potions
 h - a potion of might {!q}
 i - a potion of resistance {!q}
 m - 2 potions of cancellation {!q}
 n - 4 potions of flight {!q}
 o - a potion of berserk rage {!q}
 p - 2 potions of mutation {!q}
 s - 2 potions of curing {!q}
 v - 3 potions of brilliance {!q}
 w - a potion of agility {!q}
 z - a potion of lignification {!q}
Miscellaneous
 t - a phantom mirror
Comestibles
 b - 26 rations


   Skills:
 - Level 1.0 Fighting
 - Level 10.1 Dodging
 - Level 8.0 Stealth
 - Level 8.0 Unarmed Combat
 + Level 14.8 Spellcasting
 - Level 5.0 Conjurations
 - Level 15.0 Hexes
 - Level 1.0 Summonings
 - Level 1.5 Translocations
 - Level 5.1 Air Magic
 - Level 7.0 Invocations


You couldn't memorise any spells.
You knew the following spells:

 Your Spells              Type           Power        Failure   Level  Hunger
a - Poisonous Vapours     Pois/Air       ####..       1%          2    None
b - Deflect Missiles      Chrm/Air       ####......   52%         6    ####...
c - Summon Butterflies    Summ           ###.....     1%          1    None
d - Airstrike             Air            #####.....   1%          4    None
e - Mephitic Cloud        Conj/Pois/Air  #####...     1%          3    None
f - Invisibility          Hex            #######.     1%          6    ####...
i - Apportation           Tloc           ####..       1%          1    None
q - Confuse               Hex            #######.     0%          3    None
s - Conjure Flame         Conj/Fire      ####....     1%          3    None
t - Discord               Hex            #######...   16%         8    #######
v - Blink                 Tloc           N/A          1%          2    None
z - Confusing Touch       Hex            ######       0%          1    None


Dungeon Overview and Level Annotations

Branches:
Dungeon (14/15)            Temple (1/1) D:4            Lair (0/6) D:8
    Orc (2/2) D:9             Elf (1/3) Orc:2        Vaults (0/5) D:13

Altars:
Ashenzari
Cheibriados
Dithmenos
Elyvilon
Fedhas
Gozag
Hepliaklqana
Kikubaaqudgha
Makhleb
Nemelex Xobeh
Okawaru
Qazlal
Ru
Sif Muna
Trog
Uskayaw
Vehumet
Wu Jian
Xom
Yredelemnul
Zin
The Shining One
Beogh

Shops:
D:11 *   D:12 %}}[*   Orc:2 (*((

Portals:
Trove: D:11 (give 2 scrolls of acquirement)


Innate Abilities, Weirdness & Mutations

You cannot wear armour.
You are incapable of wielding weapons or throwing items.
Your paws allow you to move quietly. (Stealth)
You have sharp claws.
You have razor-sharp teeth.
You have supernaturally acute eyesight. (SInv)
You are carnivorous and can eat meat at any time.
You cover ground quickly.
Your thick and shaggy fur keeps you warm. (AC +3, rC+)
You have a slow metabolism.
Your sharp claws are effective at attacking unaware monsters.
You possess an exceptional clarity of mind.
Your magical capacity is low. (-10% MP)
Your system is resistant to poisons. (rPois)


Message History

Okay, then.
Casting: Poisonous Vapours (safe; 1% risk of failure)
Confirm with . or Enter, or press ? or * to list all spells.
You feel very safe from missiles.
The deep elf knight hits you with a scimitar!!
The black bear completely misses you. The black bear misses you. x2
The deep elf knight casts a spell.
The deep elf knight flickers and vanishes for a moment.
The black bear barely misses you. The black bear misses you.
The black bear closely misses you.
A fire elemental and a deep elf mage come into view.
The deep elf mage shouts!
You hear a shout!
The black bear misses you. The black bear closely misses you. x2
Found 27 gold pieces.
Found a stone staircase leading down.
The deep elf knight casts a spell at you.
The shard of ice misses you. The black bear closely misses you.
The black bear completely misses you. The black bear closely misses you.
A deep elf knight comes into view. It is wielding a short sword.
The deep elf knight shouts!
The deep elf archer unwields an uncursed dagger.
The deep elf archer wields an uncursed shortbow.
The deep elf archer shoots an arrow.
The arrow completely misses you.
You see here an arrow.
Casting: Deflect Missiles (quite dangerous; 52% risk of failure)
Confirm with . or Enter, or press ? or * to list all spells.
You're already deflecting missiles.
Casting: Deflect Missiles (quite dangerous; 52% risk of failure)
Confirm with . or Enter, or press ? or * to list all spells.
The black bear resists with almost no effort.
The deep elf knight resists with almost no effort.
The deep elf mage flies into a frenzy!
The deep elf knight easily resists.
The deep elf archer resists with some effort.
The deep elf mage hits the black bear but does no damage.
The deep elf knight hits you with a scimitar!
* * * LOW HITPOINT WARNING * * *
The black bear completely misses you. The black bear claws you.
* * * LOW HITPOINT WARNING * * *
The black bear claws you.
* * * LOW HITPOINT WARNING * * *
The deep elf knight casts a spell.
The deep elf knight flickers and vanishes for a moment.
Unknown command.
The deep elf mage hits the black bear with a long sword!
The deep elf archer shoots an arrow.
The arrow misses you.
The deep elf knight mumbles some strange words.
The deep elf knight seems to speed up.
The deep elf knight barely misses you.
You see here an arrow.
The deep elf mage shouts!
The deep elf archer casts a spell at you.
You resist with almost no effort.
You hear a shout!
Casting: Discord (slightly dangerous; 16% risk of failure)
Confirm with . or Enter, or press ? or * to list all spells.
The black bear flies into a frenzy!
The deep elf knight resists with almost no effort. x2
The deep elf archer flies into a frenzy!
Sif Muna grants you divine energy.
You briefly lose access to your magic!
The black bear closely misses the deep elf archer.
The black bear claws the deep elf archer.
The black bear barely misses the deep elf archer.
The fire elemental barely misses the deep elf mage.
The deep elf knight hits you with a scimitar!
You die...

###.#
...#.######
#........#
#........# .
## #........#
.. ..
#...e....#
.>. .##
####........#
... *.##
........e...#
.. ...#
###..@h...###
...#
####e(.e.#
>..# #####E#
...# §# ...#
E. ..## §..
.## .§.. ..
..§.. ..
..§...


You could see 2 deep elf knights, a fire elemental, a neutral deep elf archer
(insane), a neutral deep elf mage (insane) and a neutral black bear (insane).

Vanquished Creatures
  Gastronok (D:8)
  3 orc warlords
  A vault guard (D:13)
  A dancing weapon (Elf:1)
  7 two-headed ogres
  A tengu warrior (D:13)
  4 orc high priests (Orc:2)
  An orc knight (Orc:1)
  A deep elf knight (Bailey)
  An unseen horror (shapeshifter) (D:11)
  4 unseen horrors
  Pikel (D:8)
  9 deep elf magi (Bailey)
  An orc sorcerer (Orc:1)
  3 ugly things
  3 manticores
  2 cyclopes
  A gargoyle (D:11)
  A tengu conjurer (D:13)
  4 trolls
  A guardian mummy (D:11)
  A hornet (D:13)
  A hippogriff (shapeshifter) (D:13)
  2 hippogriffs
  A meliai zombie (D:10)
  Sigmund (D:3)
  2 shadows
  The ghost of Thaneod the Magician, an amateur DEWz (D:4)
  2 wraiths
  Eustachio (D:6)
  A human (D:8)
  2 yaks (D:12)
  3 hungry ghosts
  Grum (D:8)
  7 wargs
  An acid dragon (D:13)
  A water moccasin (D:9)
  2 hornet zombies
  24 orc warriors
  4 ice beasts
  A sky beast (D:8)
  A phantom (D:5)
  12 ogres
  2 slaves (D:8)
  4 wolves (D:8)
  7 centaurs
  2 crocodiles
  A big kobold (D:8)
  8 bullfrogs
  4 elf zombies (Ossuary)
  3 scorpions
  A wyvern skeleton (D:13)
  A water moccasin skeleton (D:7)
  11 killer bees
  5 howler monkeys
  4 wights
  A crimson imp (D:8)
  A centaur zombie (Ossuary)
  2 hounds
  A quasit (D:12)
  3 jellies
  A human zombie (Ossuary)
  20 orc priests
  6 iguanas
  3 bullfrog skeletons
  5 centaur skeletons
  13 orc wizards
  9 worker ants
  2 killer bee zombies
  A hound skeleton (D:9)
  2 mummies (Ossuary)
  2 worker ant zombies
  Robin (D:3)
  3 gnolls (D:2)
  19 adders
  2 river rats (D:3)
  A shadow imp (D:13)
  2 adder zombies
  5 worms
  3 dart slugs
  8 leopard geckos
  70 orcs
  6 bats
  7 giant cockroaches
  17 goblins
  12 hobgoblins
  7 jackals
  4 quokkas
  3 ball pythons
  13 frilled lizards
  A goblin zombie (Ossuary)
  10 hobgoblin zombies (Ossuary)
  A jackal skeleton (D:9)
  15 kobolds
  7 kobold zombies (Ossuary)
  2 leopard gecko skeletons (D:5)
  9 orc zombies (Ossuary)
  A quokka skeleton (D:5)
  16 rats
  2 rat zombies (Ossuary)
495 creatures vanquished.

Vanquished Creatures (collateral kills)
  An orc warlord (Orc:1)
  Fannar (Orc:1)
  2 two-headed ogres (Orc:2)
  An orc high priest (Orc:1)
  3 orc knights (Orc:2)
  4 orc sorcerers
  A cyclops (D:14)
  A manticore (D:14)
  5 trolls
  A gargoyle (D:11)
  A tengu conjurer (D:14)
  4 slime creatures (D:14)
  6 yaks
  A shadow (D:10)
  A basilisk (D:14)
  A hungry ghost (D:14)
  An ice beast (D:13)
  17 orc warriors
  2 ogres
  4 centaurs (D:11)
  2 bullfrogs (D:11)
  A wyvern zombie (D:14)
  A scorpion (D:11)
  9 killer bees
  5 wights (D:13)
  A crimson imp (D:14)
  2 hounds
  8 orc priests
  8 orc wizards
  2 worker ants
  An iguana (D:13)
  2 shadow imps
  49 orcs
  7 kobolds
156 creatures vanquished.

Vanquished Creatures (others)
  A deep elf mage (Bailey)
  2 orc knights
  A manticore (D:13)
  A warg (Orc:1)
  A sky beast (D:13)
  A slave (D:8)
  An orc warrior (Orc:2)
  A human (D:2)
  A big kobold (D:12)
  2 killer bees (D:12)
  A wight (D:13)
  A howler monkey (D:13)
  3 orc priests
  2 orcs
  2 plants (D:9)
21 creatures vanquished.

Grand Total: 672 creatures vanquished

Notes
Turn   | Place    | Note
-------+----------+-------------------------------------------
     0 | D:1      | Amnesiac the Felid Wizard began the quest for the Orb.
     0 | D:1      | Reached XP level 1. HP: 7/7 MP: 5/5
    10 | D:1      | Reached skill level 1 in Conjurations
   284 | D:1      | Reached XP level 2. HP: 3/11 MP: 0/7
   708 | D:1      | Reached skill level 1 in Fighting
  1291 | D:2      | Reached XP level 3. HP: 15/15 MP: 6/8
  1410 | D:2      | Learned a level 3 spell: Mephitic Cloud
  1455 | D:2      | Learned a level 2 spell: Blink
  1467 | D:2      | Found an ancient bone altar of Kikubaaqudgha.
  1468 | D:2      | Noticed a human
  1472 | D:2      | Killed a human
  1685 | D:2      | Reached skill level 1 in Unarmed Combat
  1685 | D:2      | Reached XP level 4. HP: 16/19 MP: 4/9
  2119 | D:2      | Learned a level 3 spell: Conjure Flame
  2218 | D:2      | Reached XP level 5. HP: 22/22 MP: 2/10
  2381 | D:3      | Noticed Sigmund
  2446 | D:3      | Killed Sigmund
  2473 | D:3      | Noticed Robin
  2545 | D:3      | Found a glowing drain.
  2554 | D:3      | Gained mutation: You are covered in thick fur. (AC +2) [Felid growth]
  2554 | D:3      | Reached XP level 6. HP: 17/25 MP: 7/11
  2560 | Sewer    | Entered a sewer
  3091 | Sewer    | Identified the Disquisition on Beguiling and the Birds
  3689 | D:3      | HP: 1/25 [adder (4)]
  3728 | D:3      | Reached skill level 5 in Stealth
  3939 | D:3      | Killed Robin
  4004 | D:3      | Reached skill level 5 in Dodging
  4458 | D:4      | Found a sand-covered staircase.
  4663 | D:4      | Found a blossoming altar of Fedhas.
  4677 | D:4      | Found a hazy altar of Hepliaklqana.
  4692 | D:4      | Noticed Thaneod's ghost (amateur DEWz)
  4709 | Ossuary  | Entered an ossuary
  5202 | Ossuary  | Reached XP level 7. HP: 26/28 MP: 8/12
  5362 | Ossuary  | HP: 1/28 [mummy (8)]
  5951 | D:4      | Gained mutation: Your magical capacity is low. (-10% MP) [potion of mutation]
  5951 | D:4      | Gained mutation: Your system is resistant to poisons. (rPois) [potion of mutation]
  5951 | D:4      | Gained mutation: You possess an exceptional clarity of mind. [potion of mutation]
  5953 | D:4      | Killed Thaneod's ghost
  5953 | D:4      | Reached XP level 8. HP: 32/32 MP: 6/12
  6203 | D:4      | Reached skill level 10 in Dodging
  6464 | D:4      | Found a staircase to the Ecumenical Temple.
  6481 | Temple   | Entered the Ecumenical Temple
  6548 | Temple   | Became a worshipper of Sif Muna the Loreminder
  6630 | D:4      | Learned a level 2 spell: Call Imp
  7256 | D:5      | Entered Level 5 of the Dungeon
  7835 | D:5      | Reached * piety under Sif Muna
  7869 | D:5      | Found a shattered altar of Ashenzari.
  8153 | D:6      | Noticed Eustachio
  8172 | D:6      | Noticed a two-headed ogre
  8960 | D:6      | Reached skill level 5 in Spellcasting
  8960 | D:6      | Reached skill level 5 in Conjurations
  9075 | D:6      | Killed Eustachio
  9075 | D:6      | Reached XP level 9. HP: 35/35 MP: 10/16
  9415 | D:6      | Killed a two-headed ogre
  9431 | D:6      | Learned a level 8 spell: Discord
  9674 | D:6      | Found a bloodstained altar of Trog.
  9750 | D:7      | Found a glowing silver altar of Zin.
  9789 | D:7      | Reached ** piety under Sif Muna
  9797 | D:7      | Found a deep blue altar of Sif Muna.
 10803 | D:8      | Found a flagged portal.
 10835 | Bailey   | Entered a bailey
 10996 | Bailey   | Noticed a deep elf mage
 11000 | Bailey   | Noticed a deep elf mage
 11024 | Bailey   | Noticed a deep elf mage
 11026 | Bailey   | Killed a deep elf mage
 11026 | Bailey   | Killed a deep elf mage
 11026 | Bailey   | Reached *** piety under Sif Muna
 11026 | Bailey   | Reached XP level 10. HP: 36/39 MP: 5/22
 11027 | Bailey   | Noticed a deep elf mage
 11073 | Bailey   | Noticed a deep elf mage
 11092 | Bailey   | Noticed a deep elf mage
 11092 | Bailey   | Killed a deep elf mage
 11213 | Bailey   | Noticed a deep elf knight
 11230 | Bailey   | Killed a deep elf mage
 11230 | Bailey   | Reached skill level 10 in Spellcasting
 11230 | Bailey   | Reached skill level 2 in Hexes
 11256 | Bailey   | Killed a deep elf mage
 11256 | Bailey   | Reached skill level 3 in Hexes
 11256 | Bailey   | Reached skill level 1 in Invocations
 11260 | Bailey   | Killed a deep elf mage
 11260 | Bailey   | Reached skill level 4 in Hexes
 11263 | Bailey   | Killed a deep elf knight
 11263 | Bailey   | Reached skill level 6 in Hexes
 11283 | Bailey   | Noticed a deep elf mage
 11486 | Bailey   | Killed a deep elf mage
 11486 | Bailey   | Reached skill level 7 in Hexes
 11614 | Bailey   | Noticed a deep elf mage
 11614 | Bailey   | Noticed a deep elf mage
 11614 | Bailey   | Noticed a deep elf mage
 11726 | Bailey   | Killed a deep elf mage
 11726 | Bailey   | Reached skill level 8 in Hexes
 11799 | Bailey   | Slain by an ice beast
 11800 | Bailey   | Reached XP level 9. HP: -2/35 MP: 0/21
 11847 | Bailey   | Killed a deep elf mage
 11858 | Bailey   | Killed a deep elf mage
 11858 | Bailey   | Reached skill level 9 in Hexes
 11858 | Bailey   | Reached XP level 10. HP: 39/39 MP: 9/22
 11924 | D:8      | Found a staircase to the Lair.
 11939 | D:8      | Noticed a two-headed ogre
 12010 | D:8      | Killed a two-headed ogre
 12166 | D:8      | Reached skill level 10 in Hexes
 12585 | D:8      | Noticed a two-headed ogre
 12598 | D:8      | Killed a two-headed ogre
 12598 | D:8      | Reached skill level 5 in Invocations
 12852 | D:8      | Reached **** piety under Sif Muna
 12892 | D:8      | Noticed Gastronok
 12939 | D:8      | Noticed Grum
 12949 | D:8      | Noticed Pikel
 13006 | D:8      | Killed Grum
 13006 | D:8      | Reached skill level 11 in Hexes
 13200 | D:8      | Killed Pikel
 13440 | D:8      | Found a sacrificial altar of Ru.
 13622 | D:8      | Found a deep blue altar of Sif Muna.
 13638 | D:8      | Identified Sif Muna's Collected Works on Boosts
 13746 | D:8      | Noticed a two-headed ogre
 13759 | D:8      | Killed a two-headed ogre
 13759 | D:8      | Reached skill level 12 in Hexes
 13759 | D:8      | Reached XP level 11. HP: 42/42 MP: 11/23
 13794 | D:8      | Killed Gastronok
 13910 | D:9      | Found an opulent altar of Gozag.
 13910 | D:9      | Found a shimmering altar of Xom.
 13911 | D:9      | Found a basalt altar of Yredelemnul.
 13932 | D:9      | Reached skill level 13 in Hexes
 14494 | D:9      | Found a radiant altar of Vehumet.
 14494 | D:9      | Found a snail-covered altar of Cheibriados.
 14494 | D:9      | Found a hide-covered altar of Uskayaw.
 14494 | D:9      | Found a burning altar of Makhleb.
 14546 | D:9      | Found a glowing golden altar of the Shining One.
 15057 | D:9      | Found a staircase to the Orcish Mines.
 15232 | D:10     | Entered Level 10 of the Dungeon
 15241 | D:10     | Noticed an unseen horror
 15253 | D:10     | Killed an unseen horror
 15253 | D:10     | Reached skill level 14 in Hexes
 16838 | D:10     | Reached skill level 15 in Hexes
 16877 | D:11     | Noticed a two-headed ogre
 16888 | D:11     | Killed a two-headed ogre
 16905 | D:11     | Noticed an unseen horror
 16920 | D:11     | Killed an unseen horror
 17267 | D:11     | Found a portal to a secret trove of treasure.
 17535 | D:11     | Found Oty Jich's Assorted Antiques.
 17564 | D:11     | Reached ***** piety under Sif Muna
 17647 | D:11     | Received a gift from Sif Muna
 17651 | D:11     | Learned a level 1 spell: Summon Butterflies
 17753 | D:11     | Learned a level 6 spell: Invisibility
 17838 | D:11     | Noticed a purple ugly thing
 17854 | D:11     | Killed a purple ugly thing
 17854 | D:11     | Gained mutation: Your thick and shaggy fur keeps you warm. (AC +3, rC+) [Felid growth]
 17854 | D:11     | Reached XP level 12. HP: 30/45 MP: 8/25
 17858 | D:11     | Learned a level 2 spell: Poisonous Vapours
 18019 | D:11     | Found a shimmering altar of Xom.
 18137 | D:11     | Learned a level 4 spell: Airstrike
 18370 | D:11     | Noticed an eight-headed hydra
 18404 | D:12     | Found Xouchusch's Food Shoppe.
 18463 | D:12     | Learned a level 1 spell: Apportation
 18514 | D:12     | Reached skill level 1 in Air Magic
 18672 | D:12     | Found Raicurex's Gadget Emporium.
 18897 | D:12     | Found Foxtampurch's Gadget Shoppe.
 19352 | D:12     | Found Burphag's Assorted Antiques.
 20247 | D:12     | Bought a scroll labeled SIXTIE ZE XILA for 30 gold pieces
 20251 | D:12     | Reached XP level 13. HP: 48/48 MP: 25/27
 20271 | D:12     | Found Qeinang's Antique Armour Shoppe.
 20730 | D:13     | Identified Sif Muna's Handbook of the Fetching Escort (Sif Muna gifted it to you on level 13 of the Dungeon)
 20730 | D:13     | Received a gift from Sif Muna
 20730 | D:13     | Reached skill level 5 in Air Magic
 22368 | D:13     | Found a gate to the Vaults.
 22707 | Orc:1    | Entered Level 1 of the Orcish Mines
 22951 | Orc:2    | Entered Level 2 of the Orcish Mines
 23327 | Orc:1    | Noticed an orc warlord
 23331 | Orc:1    | Noticed Fannar
 23341 | Orc:1    | Killed an orc warlord
 23379 | Orc:1    | Killed Fannar
 23383 | Orc:1    | HP: 2/48 [orc knight/enchanted dire flail (22)]
 23861 | Orc:2    | Identified Lafymaod's Volume of Attacks and Orientation (Sif Muna gifted it to you on level 2 of the Orcish Mines)
 23861 | Orc:2    | Received a gift from Sif Muna
 23867 | Orc:2    | Learned a level 1 spell: Confusing Touch
 23976 | Orc:2    | Noticed an orc warlord
 24028 | Orc:2    | Killed an orc warlord
 24028 | Orc:2    | Reached skill level 5 in Unarmed Combat
 24028 | Orc:2    | Reached XP level 14. HP: 41/52 MP: 3/30
 24647 | Orc:2    | Found a roughly hewn altar of Beogh.
 25325 | Orc:1    | Found a roughly hewn altar of Beogh.
 25420 | Orc:2    | Noticed an orc warlord
 25501 | Orc:1    | Killed an orc warlord
 26312 | Orc:2    | Found a roughly hewn altar of Beogh.
 26878 | Orc:2    | Found Nedubufo's Antique Weapon Boutique.
 27088 | Orc:2    | Noticed an orc warlord
 27442 | Orc:2    | Found Vumedomo's Antique Weapon Boutique.
 27455 | Orc:2    | Found Gasmerei's Antique Weapon Shop.
 27476 | Orc:2    | Learned a level 3 spell: Confuse
 28724 | Orc:1    | Mangled by an orc warlord
 28725 | Orc:1    | Reached XP level 13. HP: -9/48 MP: 0/29
 29102 | Orc:2    | Found a staircase to the Elven Halls.
 29513 | Orc:2    | Learned a level 6 spell: Deflect Missiles
 30147 | Orc:2    | Found Ustrez's Assorted Antiques.
 30155 | Orc:2    | Bought a scroll labeled GIORAN RATZUS for 31 gold pieces
 30155 | Orc:2    | Bought a scroll of identify for 62 gold pieces
 30810 | Orc:1    | Killed an orc warlord
 31010 | Elf:1    | Entered Level 1 of the Elven Halls
 31018 | Elf:1    | HP: 1/48 [deep elf mage/orb of energy (11)]
 31018 | Elf:1    | Killed from afar by a battlesphere
 31019 | Elf:1    | Reached XP level 12. HP: -14/45 MP: 0/28
 31041 | Elf:1    | Slain by a deep elf knight

Vault maps used:
D:1:      dpeg_arrival_rooms_a, minmay_misc_feat_secret_circle
D:2:      tgw_kikubaaqudgha
D:3:      lightli_sewer_entry_pipes, uniq_sigmund, uniq_robin
D:4:      kennysheep_mini_moat, kennysheep_mini, minmay_temple_entry_grid,
          enter_ossuary_2, eino_tiny_chamber, minmay_misc_feat_rows
D:5:      basic_altar, first_ration
D:6:      lightli_temple_of_fire, uniq_eustachio
D:7:      lemuel_crystal_altar, basic_altar, kennysheep_generic_room_5
D:8:      nicolae_ru_the_path_less_chosen, lair_entry_dummy, enter_bailey_2,
          grunt_pizzeria, grunt_decor_one_mirror, kennysheep_nondescript,
          led_sif_book, uniq_pikel, uniq_gastronok, uniq_grum
D:9:      gammafunk_temple_overflow_claw,
          chequers_temple_overflow_statue_of_worship, tso_metal_star,
          minmay_orc_entry_guard_dogs, minmay_lizard_king
D:11:     nicolae_trove_entry_path_of_doom, basic_altar, serial_shops,
          shop_statue, serial_glass, glass_columns_c, glass_columns_c,
          kennysheep_generic_room_7
D:12:     serial_shops, nicolae_shop_overgrown_old_shop, shop, shop_statue,
          nicolae_shop_crystal, kennysheep_little_box
D:13:     david_vaults_5
D:14:     cheibriados_altar_1
Temple:   compressed_dpeg_triangle_lava_temple
Orc:1:    basic_altar, uniq_fannar
Orc:2:    pubby_orc_utopia
Elf:1:    minmay_elf_sorcery, grunt_ministairs_10, uniq_donald
Sewer:    sewer_frog_island_01
Ossuary:  ossuary_tomb_1
Bailey:   bailey_polearm_3, bailey

Skill      XL: |  1  2  3  4  5  6  7  8  9 10 11 12 13 14 |
---------------+-------------------------------------------+-----
Conjurations   | 1 2 3 5 |  5.0
Fighting       | 1 |  1.0
Unarmed Combat | 1 3 4 8 7 |  8.0
Dodging        | 4 5 9 10 | 10.1
Stealth        | 5 8 7 |  8.0
Spellcasting   | 5 9 10 11 12 14 | 14.8
Hexes          | 9 12 15 | 15.0
Invocations    | 4 5 7 |  7.0
Air Magic      | 4 5 |  5.1
Summonings     | |  1.0
Translocations | |  1.5

Action                   |  1- 3 |  4- 6 |  7- 9 | 10-12 | 13-15 || total
-------------------------+-------+-------+-------+-------+-------++-------
Melee: Unarmed           |    20 |   297 |   395 |   537 |   255 ||  1504
       Bite              |     1 |    24 |    30 |    52 |    24 ||   131
       Punch             |       |     1 |     6 |     6 |     4 ||    17
 Cast: Magic Dart        |   102 |    63 |    93 |   218 |       ||   476
       Mephitic Cloud    |     2 |    19 |    39 |    88 |    33 ||   181
       Conjure Flame     |       |     2 |    26 |    78 |    14 ||   120
       Call Imp          |       |       |     6 |     6 |       ||    12
       Blink             |       |       |     1 |     6 |    15 ||    22
       Discord           |       |       |       |    14 |    30 ||    44
       Airstrike         |       |       |       |    34 |    91 ||   125
       Poisonous Vapours |       |       |       |    20 |   308 ||   328
       Deflect Missiles  |       |       |       |     1 |       ||     1
       Invisibility      |       |       |       |       |     3 ||     3
       Confuse           |       |       |       |       |     4 ||     4
       Confusing Touch   |       |       |       |       |     4 ||     4
Invok: Divine Energy     |       |       |     1 |       |       ||     1
       Channel Magic     |       |       |       |     8 |     2 ||    10
  Use: Scroll            |       |     9 |     2 |    11 |     6 ||    28
       Potion            |       |     4 |     2 |     8 |     2 ||    16
 Stab: Confused          |     2 |     9 |    20 |    42 |    19 ||    92
       Sleeping          |       |     8 |    17 |    20 |     7 ||    52
       Distracted        |       |       |     2 |     2 |     1 ||     5
       Invisible         |       |       |       |       |    11 ||    11
  Eat: Chunk             |     9 |     9 |    15 |    41 |    40 ||   114
Armor: Skin              |     5 |    19 |    12 |    25 |     8 ||    69
Dodge: Dodged            |    50 |   228 |   273 |   552 |   274 ||  1377

Table legend:
 A = Spawn XP
 B = Non-spawn XP
 C = Spawn XP percentage of total XP
 D = Spawn monster count
 E = Non-spawn monster count
 F = Spawn count percentage of total count
 G = Total turns spent on level
                    A         B        C        D         E        F      G
               +---------+---------+-------+---------+---------+-------+---------
         Total |       0 |   68488 |   0.0 |       0 |     658 |   0.0 | 31041
               +---------+---------+-------+---------+---------+-------+---------
           D:1 |       0 |      40 |   0.0 |       0 |      27 |   0.0 |  1290
           D:2 |       0 |     158 |   0.0 |       0 |      26 |   0.0 |  1032
           D:3 |       0 |     293 |   0.0 |       0 |      41 |   0.0 |  1352
           D:4 |       0 |     768 |   0.0 |       0 |      13 |   0.0 |  1592
           D:5 |       0 |     542 |   0.0 |       0 |      14 |   0.0 |  1198
           D:6 |       0 |    1323 |   0.0 |       0 |      11 |   0.0 |  1296
           D:7 |       0 |     412 |   0.0 |       0 |      13 |   0.0 |   912
           D:8 |       0 |    8003 |   0.0 |       0 |      61 |   0.0 |  2204
           D:9 |       0 |    1671 |   0.0 |       0 |      27 |   0.0 |  1375
          D:10 |       0 |    3342 |   0.0 |       0 |      21 |   0.0 |  1705
          D:11 |       0 |    5693 |   0.0 |       0 |      48 |   0.0 |  1991
          D:12 |       0 |    4926 |   0.0 |       0 |      32 |   0.0 |  1756
          D:13 |       0 |    7725 |   0.0 |       0 |      39 |   0.0 |  2211
          D:14 |       0 |    1645 |   0.0 |       0 |      19 |   0.0 |    41
         Orc:1 |       0 |    8437 |   0.0 |       0 |      56 |   0.0 |  1569
         Orc:2 |       0 |   16270 |   0.0 |       0 |     142 |   0.0 |  6415
         Elf:1 |       0 |     904 |   0.0 |       0 |       1 |   0.0 |    31
         Sewer |       0 |     170 |   0.0 |       0 |      18 |   0.0 |   748
       Ossuary |       0 |     533 |   0.0 |       0 |      38 |   0.0 |  1157
        Bailey |       0 |    5633 |   0.0 |       0 |      11 |   0.0 |  1081
               +---------+---------+-------+---------+---------+-------+---------
